AoeStats
← castilla_602

Arena

510415218Analyzed
2v2 RM · 1d ago on Sep 30, 2026· 57m 39s· 4 players
Game mode
Random Map
Map size
Medium (4 player)
Population
200
Speed
Normal
Resources
Standard
Victory
Conquest
Starting age
Dark Age
Ending age
Imperial Age
RankedLock teamsTeams togetherTeam positionsShared explorationLock speedFull tech treeHidden civsTurbo modeCheats
Victory
Defeat
🇲🇽 Magyars · Mexico
559
+10
🇲🇽 Spanish · Mexico
469
+14
🇦🇷 Spanish · Argentina
468
-13
🇧🇷 Malay · Brazil
388
-11
castilla_602
11:24 Feudal Age
17:26 Double-Bit Axe
19:56 Castle Age
18:27 Forging
17:40 Man-at-Arms
18:43 Gold Mining
20:32 Long Swordsman
20:58 Gambesons
24:35 Horse Collar
25:37 Iron Casting
27:18 Wheelbarrow
27:39 Scale Mail Armor
28:48 Hand Cart
28:32 Gold Mining
28:36 Stone Mining
29:34 Chain Mail Armor
29:56 Scale Barding Armor
31:26 Stone Shaft Mining
32:08 Heavy Plow
32:26 Bow Saw
36:23 Imperial Age
34:45 Chain Barding Armor
36:30 Town Watch
37:03 Caravan
37:34 Coinage
38:14 Chemistry
37:55 Guilds
38:52 Blast Furnace
38:23 Plate Mail Armor
38:29 Plate Barding Armor
39:05 Two-Man Saw
37:57 Elite Conquistador
40:00 Two-Handed Swordsman
41:29 Champion
Munchen
0:57 Loom
11:13 Feudal Age
13:34 Double-Bit Axe
13:14 Man-at-Arms
15:15 Wheelbarrow
17:21 Gold Mining
19:11 Horse Collar
25:37 Castle Age
24:52 Forging
26:41 Stone Mining
34:49 Imperial Age
36:19 Iron Casting
35:52 Scale Barding Armor
39:28 Blast Furnace
39:57 Pikeman
42:17 Halberdier
43:23 Halberdier
47:05 Light Cavalry
pacocarranza59
1:09 Loom
12:54 Feudal Age
14:07 Double-Bit Axe
14:07 Horse Collar
15:59 Wheelbarrow
16:21 Stone Mining
16:53 Arson
23:35 Forging
23:26 Scale Mail Armor
23:32 Scale Barding Armor
23:17 Fletching
23:28 Padded Archer Armor
23:26 Gold Mining
27:35 Castle Age
29:14 Hand Cart
29:14 Heavy Plow
29:54 Stone Shaft Mining
29:32 Bow Saw
29:58 Caravan
33:22 Squires
32:43 Pikeman
33:48 Fortified Wall
34:01 Ballistics
33:53 Masonry
37:25 Imperial Age
41:12 Two-Man Saw
41:35 Chemistry
41:06 Architecture
41:48 Elite Conquistador
43:07 Supremacy
43:25 Elite Skirmisher
45:23 Iron Casting
45:04 Chain Mail Armor
45:05 Leather Archer Armor
44:46 Bodkin Arrow
Pickleball
9:55 Feudal Age
18:02 Castle Age
17:17 Horse Collar
17:25 Double-Bit Axe
17:33 Stone Mining
18:50 Heavy Plow
19:09 Bow Saw
20:11 Gold Mining
23:19 Gold Shaft Mining
24:27 Pikeman
30:13 Wheelbarrow
30:08 Corvinian Army
33:11 Imperial Age
32:18 Scale Barding Armor
32:13 Scale Mail Armor
34:41 Hand Cart
35:22 Crop Rotation
35:56 Two-Man Saw
35:42 Chain Barding Armor
35:38 Chain Mail Armor
36:02 Town Watch
35:50 Halberdier
36:48 Town Patrol
38:01 Plate Barding Armor
38:04 Elite Magyar Huszar
49:30 Onager
Connection lost

Rejoining the realm…

Still unreachable

The connection could not be restored.

Session expired

The server has moved on; the page needs a fresh start.